 Seeded DCSS version 0.31-a0-128-g25add195a6 (webtiles) character file.

Game seed: 4191116242249289706 (custom seed)

10962 Pimp the Fighter (level 11, 0/141 HPs)
             Began as a Pale Draconian Warper on June 1, 2023.
             Was a High Priest of Cheibriados.
             Succumbed to greasedhog's ghost's poison
             ... on level 9 of the Dungeon.
             The game lasted 00:35:33 (10078 turns).

Pimp the Fighter (Pale Draconian Warper)           Turns: 10078, Time: 00:35:33

Health: 0/141      AC: 25    Str: 31    XL:     11   Next: 43%
Magic:  15/21      EV:  2    Int: 27    God:    Cheibriados [*****.]
Gold:   660        SH:  0    Dex: 31    Spells: 4/23 levels left

rFire   . . .        c - +9 spear of Beogh {heavy, Str+5}
rCold   . . .        (no shield)
rNeg    . . .        (body armour unavailable)
rPois   +            (helmet currently unavailable)
rElec   .            (cloak currently unavailable)
rCorr   .            (gloves currently unavailable)
SInv    .            (boots currently unavailable)
Will    +....        (no amulet)
Stlth   ++           d - ring of wizardry
HPRegen 0.43/turn    m - +6 ring of dexterity
MPRegen 0.17/turn

%: wizardry (x1)
@: mighty, lethally poisoned (0 -> -4), tree-form, enlightened, very slow
A: stationary, stasis, torment immunity, boosted hp, (breathe steam), AC +7,
unfitting armour, (cold-blooded), (steam resistance), (talons 1), (fire
resistance 1), wild magic 1
a: Renounce Religion, Bend Time, Temporal Distortion, Slouch, Step From Time


You were on level 9 of the Dungeon.
You worshipped Cheibriados.
Cheibriados was extremely pleased with you.
You were a tree.
You visited 2 branches of the dungeon, and saw 10 of its levels.

You collected 1300 gold pieces.
You spent 640 gold pieces at shops.

Inventory:

Hand Weapons
 a - a +0 spear
 c - the +9 spear of Beogh (weapon) {heavy, Str+5}
   (You took it off Eustachio on level 5 of the Dungeon)

   Str:       It affects your strength (+5).
Missiles
 e - 18 boomerangs (quivered)
 h - 2 silver boomerangs
Jewellery
 d - a ring of wizardry (left branch)
 m - a +6 ring of dexterity (right branch)
 w - a ring of wizardry
Wands
 k - a wand of roots (15)
 l - a wand of digging (5)
 s - a wand of light (9)
 u - a wand of flame (24)
 x - a wand of polymorph (4)
Scrolls
 b - a scroll of blinking
 f - 2 scrolls of enchant armour
 g - 2 scrolls of fear
 n - a scroll of fog
 o - 5 scrolls of identify
 p - 2 scrolls of teleportation
Potions
 i - 3 potions of brilliance
 j - a potion of magic
 q - a potion of lignification
 t - a potion of enlightenment
 v - a potion of invisibility


   Skills:
 + Level 8.2 Fighting
 + Level 7.5 Polearms
 - Level 2.7 Throwing
 + Level 6.7 Dodging
 + Level 6.6 Spellcasting
 + Level 5.9 Conjurations
 - Level 4.2 Translocations
 + Level 6.5 Fire Magic
 + Level 6.8 Air Magic


You had 4 spell levels left.
You knew the following spells:

 Your Spells              Type           Power      Damage    Failure   Level
a - Airstrike             Air            28%        2d(4-20)  2%          4
b - Scorch                Fire           100%       2d9       1%          2
c - Flame Wave            Conj/Fire      53%        2d13      3%          4
d - Summon Lightning Spi  Summ/Air       35%        N/A       9%          4
e - Arcjolt               Conj/Air       27%        1d37      7%          5

Your spell library contained the following spells:

 Spells                   Type           Power      Damage    Failure   Level
 Blink                    Tloc           82%        N/A       1%          2
 Lesser Beckoning         Tloc           82%        N/A       1%          2
 Poisonous Vapours        Pois/Air       70%        N/A       1%          2
 Static Discharge         Conj/Air       100%       2-7/arc   1%          2
 Vhi's Electric Charge    Tloc/Air       100%       N/A       1%          3
 Cigotuvi's Dreadful Rot  Necr/Pois/Air  54%        N/A       2%          2
 Gell's Gravitas          Tloc           41%        N/A       2%          3
 Teleport Other           Tloc           41%        N/A       2%          3
 Sting                    Tmut/Pois      44%        1d5       4%          1
 Ignite Poison            Fire/Tmut/Pois 27%        N/A       4%          3
 Manifold Assault         Tloc           41%        N/A       6%          4
 Olgreb's Toxic Radiance  Pois           11%        N/A       30%         4
 Freezing Cloud           Conj/Ice/Air   20%        6-21      16%         5
 Plasma Beam              Fire/Air       28%        2x1d40    30%         6
 Dispersal                Tloc           20%        N/A       58%         6
 Summon Cactus Giant      Summ           5%         N/A       98%         6


Dungeon Overview and Level Annotations

Branches:
Dungeon (9/15)             Temple (1/1) D:4            Lair (0/5) D:8
    Orc (0/2) D:9

Altars:
Cheibriados
Dithmenos
Makhleb
Ru
Sif Muna
Trog

Shops:
D:1 :   D:3 [   D:6 [   D:9 (


Innate Abilities, Weirdness & Mutations

You are a tree.
Your roots penetrate the ground, keeping you stationary.
You cannot be teleported.
You are immune to unholy pain and torment.
Your maximum health is greatly increased.
Your equipment is partially melded.
((You can breathe blasts of scalding, opaque steam.))
((Your pale cyan-grey scales are hard. (AC +7)))
You cannot fit into any form of body armour.
((You are cold-blooded and may be slowed by cold attacks.))
((You are immune to the effects of steam.))
((You have sharp toenails.))
((Your flesh is heat resistant. (rF+)))
Your spells are a little harder to cast, but a little more powerful.


Message History

There is a lethal amount of poison in your body!
Okay, then.
Casting: Summon Lightning Spire (dangerous; 9% risk of failure)
Confirm with . or Enter, or press ? or * to list all spells.
Okay, then.
Okay, then.
You feel very buoyant.
You fly up into the air.
* * * LOW HITPOINT WARNING * * *
You feel very sick.
Okay, then.
Really quaff the potion of lignification?
You turn into a tree.
Your roots penetrate the ground.
* * * LOW HITPOINT WARNING * * *
You feel sick.
You feel very mighty all of a sudden.
* * * LOW HITPOINT WARNING * * *
You feel very sick.
There is a lethal amount of poison in your body!
You cannot move.
You fail to use your ability.
* * * LOW HITPOINT WARNING * * *
You feel sick.
You fail to use your ability.
You have got your breath back.
* * * LOW HITPOINT WARNING * * *
You feel sick.
Activating: Slouch (61% risk of failure)
Press: ? - help, Dir - look around, f - activate You can feel time thicken for a moment.
You destroy greasedhog's ghost!
Cheibriados appreciates the change of pace.
Cheibriados lowers the support of your attributes as your movement quickens.
* * * LOW HITPOINT WARNING * * *
You feel sick.
Okay, then.
Unknown command.
* * * LOW HITPOINT WARNING * * *
You feel sick.
You die...

......#
##...###.#####..>......#
......#
#..................#####
####..# #........###########
.....## #..)..!..#
##.#######.).###.#
#........#### #.#
#)######.### #.# #.# #.....#
#.########### #.####.#.#.#
#♣##........# #.##.....#.#
#.##.######.#
#.##.#...#.####.##.###.##.###
#......#..............#.....#
####.#.....##......###.##.#.#
#.#######.....#)######.#.#
#.# #.##.##........#.# #.#
###.#..###########.# ##.##
#..............###.#


There were no monsters in sight!

Vanquished Creatures
  The ghost of greasedhog the Markstengu, a journeyman TeHu of Hepliaklqana (D:9)
  2 manticores (D:8)
  Joseph (D:8)
  Psyche (D:8)
  7 polar bears (D:8)
  A troll (D:9)
  Grinder (D:6)
  Sigmund (D:5)
  6 wyverns
  A ynoxinul (D:9)
  A vampire (D:7)
  2 unseen horror simulacra (D:8)
  A yak (D:8)
  Eustachio (D:5)
  A hog (D:8)
  Menkaure (D:5)
  A steam dragon (D:8)
  3 wargs (D:8)
  Duvessa (D:5)
  5 black bears
  5 orc warriors
  2 sky beasts
  2 ice beasts
  2 ogres (D:4)
  4 centaurs
  3 phantoms
  6 bullfrogs
  A gnoll sergeant (D:9)
  2 scorpions
  6 wights
  Dowan (D:5)
  7 killer bees (D:9)
  5 howler monkeys
  2 electric eels (D:8)
  4 hounds
  A jelly (D:6)
  8 orc priests
  3 iguanas
  Jessica (D:3)
  9 orc wizards
  A sleepcap (D:8)
  Ijyb (D:5)
  5 gnolls (D:9)
  6 adders
  2 white imps
  4 ufetubi
  2 worms
  A dart slug (D:1)
  40 orcs
  2 ball pythons (D:4)
  3 bats (D:3)
  7 endoplasms
  3 giant cockroaches (D:1)
  8 goblins
  8 hobgoblins
  3 jackals (D:3)
  6 kobolds
  3 quokkas
  2 frilled lizards (D:1)
  7 rats
227 creatures vanquished.

Notes
Turn   | Place    | Note
-------+----------+-------------------------------------------
     0 | D:1      | Pimp the Draconian Warper began the quest for the Orb.
     0 | D:1      | Reached XP level 1. HP: 17/17 MP: 3/3
   119 | D:1      | Reached skill level 1 in Throwing
   155 | D:1      | Reached XP level 2. HP: 25/25 MP: 5/5
   396 | D:1      | Found Himatz's Book Shoppe.
   623 | D:1      | Found a faded altar of an unknown god.
   879 | D:2      | Reached XP level 3. HP: 30/30 MP: 6/6
  1517 | D:3      | Reached XP level 4. HP: 14/37 MP: 7/7
  1660 | D:3      | Reached skill level 3 in Fighting
  1717 | D:3      | Noticed Jessica
  1726 | D:3      | Killed Jessica
  1809 | D:3      | Found Omie's Armour Shoppe.
  2006 | D:3      | Noticed a phantom
  2047 | D:3      | Killed a phantom
  2048 | D:3      | Reached XP level 5. HP: 20/45 MP: 7/9
  2414 | D:4      | Identified a scroll of acquirement
  2414 | D:4      | Acquired 800 gold pieces
  2484 | D:4      | Reached XP level 6. HP: 33/51 MP: 10/10
  2625 | D:4      | Found a staircase to the Ecumenical Temple.
  3194 | D:5      | Entered Level 5 of the Dungeon
  3199 | D:5      | Noticed Menkaure
  3204 | D:5      | Gained mutation: You have sharp toenails. [potion of
                  | mutation]
  3204 | D:5      | Gained mutation: You are vulnerable to cold. (rC-) [potion
                  | of mutation]
  3204 | D:5      | Gained mutation: You are covered in fur. (AC +1) [potion of
                  | mutation]
  3235 | D:5      | Killed Menkaure
  3395 | D:5      | Identified the +9 spear of Beogh {heavy, Str+5}
  3395 | D:5      | Noticed Eustachio
  3424 | D:4      | HP: 1/52 [iguana (11)]
  3719 | D:4      | Reached skill level 4 in Fighting
  3719 | D:4      | Your scales start taking on a pale cyan-grey colour.
  3719 | D:4      | Reached XP level 7. HP: 23/59 MP: 10/12
  3719 | D:4      | Gained mutation: You are immune to the effects of steam.
                  | [Pale Draconian growth]
  3724 | D:4      | Learned a level 4 spell: Airstrike
  3858 | D:5      | Killed Eustachio
  3859 | D:5      | Reached skill level 1 in Air Magic
  4057 | D:1      | Bought a book of Scorching for 300 gold pieces
  4057 | D:1      | Bought a book of Lightning for 340 gold pieces
  4060 | D:1      | Learned a level 2 spell: Scorch
  4065 | D:1      | Learned a level 4 spell: Flame Wave
  4246 | Temple   | Entered the Ecumenical Temple
  4300 | Temple   | Became a worshipper of Cheibriados the Contemplative
  4405 | D:5      | Reached skill level 1 in Conjurations
  4405 | D:5      | Reached skill level 1 in Fire Magic
  4407 | D:5      | Reached XP level 8. HP: 53/67 MP: 13/13
  4509 | D:5      | Noticed Sigmund
  4517 | D:5      | Killed Sigmund
  4536 | D:5      | Noticed Duvessa
  4556 | D:5      | Noticed Dowan
  4570 | D:5      | Killed Duvessa
  4571 | D:5      | Reached skill level 5 in Fighting
  4571 | D:5      | Killed Dowan
  4726 | D:5      | Noticed Ijyb
  4732 | D:5      | Killed Ijyb
  4740 | D:5      | Lost mutation: You are vulnerable to cold. (rC-) [potion of
                  | mutation]
  4740 | D:5      | Lost mutation: You are covered in fur. (AC +1) [potion of
                  | mutation]
  4740 | D:5      | Gained mutation: Your spells are a little harder to cast,
                  | but a little more powerful. [potion of mutation]
  4740 | D:5      | Gained mutation: Your flesh is heat resistant. (rF+)
                  | [potion of mutation]
  4801 | D:5      | Reached * piety under Cheibriados
  5052 | D:6      | Noticed Grinder
  5053 | D:6      | Paralysed by Grinder for 5 turns
  5066 | D:6      | Killed Grinder
  5067 | D:6      | Reached skill level 5 in Polearms
  5375 | D:6      | Reached XP level 9. HP: 74/74 MP: 15/15
  5414 | D:6      | Found Osu Ugot's Antique Armour Shoppe.
  5802 | D:7      | Reached ** piety under Cheibriados
  6077 | D:7      | Reached skill level 5 in Dodging
  6113 | D:7      | Reached skill level 6 in Fighting
  6169 | D:7      | Found a sacrificial altar of Ru.
  6388 | D:7      | Reached skill level 5 in Spellcasting
  6439 | D:7      | Found a shadowy altar of Dithmenos.
  6871 | D:8      | Noticed a polar bear
  6878 | D:8      | Killed a polar bear
  6878 | D:8      | Reached *** piety under Cheibriados
  6885 | D:8      | Learned a level 4 spell: Summon Lightning Spire
  6914 | D:8      | Noticed Joseph
  6916 | D:8      | Reached skill level 5 in Air Magic
  7054 | D:8      | Reached XP level 10. HP: 55/84 MP: 18/18
  7232 | D:8      | Killed Joseph
  7318 | D:8      | Noticed Psyche
  7432 | D:8      | Killed Psyche
  7437 | D:8      | Reached skill level 5 in Fire Magic
  7487 | D:8      | Reached **** piety under Cheibriados
  7543 | D:8      | Reached skill level 7 in Fighting
  7849 | D:8      | Learned a level 5 spell: Arcjolt
  8154 | D:8      | Found a huge runed translucent gate.
  8154 | D:8      | Found a huge runed translucent gate.
  8154 | D:8      | Found a huge runed translucent gate.
  8154 | D:8      | Found a huge runed translucent gate.
  8154 | D:8      | Noticed a manticore
  8154 | D:8      | Noticed a manticore
  8177 | D:8      | Found a staircase to the Lair.
  8557 | D:8      | Reached skill level 5 in Conjurations
  8566 | D:8      | Killed a manticore
  8567 | D:8      | Reached XP level 11. HP: 89/93 MP: 20/20
  8568 | D:8      | Reached ***** piety under Cheibriados
  8871 | D:9      | Noticed greasedhog's ghost (journeyman TeHu)
  8877 | D:9      | Found a runed translucent door.
  8997 | D:9      | Reached skill level 8 in Fighting
  9118 | D:9      | Found Usiox's Weapon Shop.
  9120 | D:9      | Found a staircase to the Orcish Mines.
 10073 | D:9      | HP: 6/141 [poisoned by greasedhog's ghost]
 10076 | D:9      | Killed greasedhog's ghost
 10076 | D:9      | HP: 2/141 [poisoned by greasedhog's ghost]
 10078 | D:9      | Succumbed to greasedhog's ghost's poison

Illustrated notes

Levels and vault maps discovered:
D:1:      eino_arrival_water_star, layout_basic, serial_shops, shop,
          serial_forest, infiniplex_forest_lined_2,
          infiniplex_forest_straight_1, infiniplex_forest_clump_small,
          infiniplex_forest_lined_3, infiniplex_forest_end_double,
          infiniplex_forest_straight_5,
          dreamdust_ecumenical_altar_hidden_monk_grotto
D:2:      layout_basic
D:3:      layout_rooms, serial_shops, shop, minivault_4, chequers_garden,
          interstate_on_off, amcnicky_mini_corridor_feature, uniq_jessica
D:4:      layout_gridville, temple_doors_cd
D:5:      layout_basic, uniq_menkaure, uniq_ijyb, uniq_eustachio, uniq_duvessa,
          uniq_sigmund
D:6:      layout_basic, serial_shops, kennysheep_little_box, uniq_grinder
D:7:      layout_layer_cave, hangedman_ru_absence,
          grunt_dithmenos_smoke_and_mirrors
D:8:      lemuel_bear_cage, layout_cave_pools, erik_lair_orcish_takeover,
          serial_ice, serial_ice_m, serial_ice_f, serial_ice_b, serial_ice_a,
          serial_ice_d, minmay_circle_x, uniq_joseph, uniq_psyche
D:9:      layout_loops_corners, orc_david_3, enter_bailey_4,
          hellmonk_ghost_big_iron, uniq_pikel
Temple:   mainiacjoe_temple_big_plus

Skill      XL: |  1  2  3  4  5  6  7  8  9 10 11 |
---------------+----------------------------------+-----
Throwing       | 1 2 |  2.7
Fighting       | 3 4 5 6 7 8 |  8.2
Polearms       | 3 4 5 6 7 |  7.5
Dodging        | 3 4 5 6 |  6.7
Spellcasting   | 3 4 5 6 |  6.6
Translocations | 4 |  4.2
Air Magic      | 2 3 5 6 |  6.8
Conjurations   | 1 2 4 5 |  5.9
Fire Magic     | 1 3 4 5 6 |  6.5

Action                     |  1- 3 |  4- 6 |  7- 9 | 10-12 || total
---------------------------+-------+-------+-------+-------++-------
  Melee: Spear             |    28 |   173 |   166 |   168 ||   535
         Tailslap          |     3 |    28 |    20 |    18 ||    69
         Punch             |       |     2 |     2 |     3 ||     7
         Kick              |       |    21 |    50 |    35 ||   106
  Throw: Boomerang         |    76 |    52 |     9 |     9 ||   146
   Cast: Airstrike         |       |       |     1 |       ||     1
         Scorch            |       |       |     1 |       ||     1
         Summon Lightning  |       |       |       |     1 ||     1
 Invoke: Slouch            |       |       |       |     1 ||     1
Ability: Breathe Steam     |       |       |     7 |     8 ||    15
  Evoke: Wand              |       |       |       |     1 ||     1
    Use: Scroll            |       |    13 |       |     8 ||    21
         Potion            |       |     6 |     3 |     8 ||    17
   Stab: Sleeping          |     1 |       |     4 |     1 ||     6
         Distracted        |       |       |       |     2 ||     2
 Armour: Skin              |    14 |    49 |    45 |    43 ||   151
  Dodge: Dodged            |    38 |   106 |   144 |   226 ||   514

Table legend: (Time is in decaauts)
 A = Elapsed time spent in this place.
 B = Non-inter-level travel time spent in this place.
 C = Inter-level travel time spent in this place.
 D = Time resting spent in this place.
 E = Time spent auto-exploring this place.
 F = Levels seen in this place.
 G = Mean time per level.
                   A        B        C        D        E       F      G
               +--------+--------+--------+--------+--------+-----+--------+
         Total |  12113 |  10868 |   1245 |   2383 |   6248 |  10 | 1211.3 |
       Dungeon |  12010 |  10815 |   1195 |   2383 |   6199 |   9 | 1334.4 |
        Temple |    103 |     53 |     50 |      0 |     49 |   1 |  103.0 |
               +--------+--------+--------+--------+--------+-----+--------+

Top non-repeatable levels by time:
     D:7: 2403 daAuts
     D:9: 2170 daAuts
     D:8: 1611 daAuts
     D:4: 1392 daAuts
     D:3: 1026 daAuts
     D:5: 895 daAuts
     D:6: 851 daAuts
     D:2: 834 daAuts
     D:1: 824 daAuts
  Temple: 103 daAuts
